 Dungeon Sprint DCSS version 0.22-a0-351-g29664b41f0 (webtiles) character file.

7534 Pa55enger the Thaumaturge (level 11, -2/92 HPs)
             Began as a Gnoll Skald on Apr 13, 2018.
             Was the Champion of Cheibriados.
             Killed by divine providence
             ... invoked by an orc priest
              (11 damage)
             ... in the Dungeon (Sprint IX: "|||||||||||||||||||||||||||||").
             The game lasted 00:04:29 (1120 turns).

Pa55enger the Thaumaturge (Gnoll Skald)             Turns: 1120, Time: 00:04:29

Health: -2/92      AC: 17    Str: 29    XL:     11   Next: 16%
Magic:  22/25      EV: 22    Int: 37    God:    Cheibriados [******]
Gold:   16         SH:  0    Dex: 32    Spells: 25/31 levels left

rFire    . . .     SeeInvis .   m - +2 dire flail of Cublips {freeze, Int+3}
rCold    . . .     Gourm    .   (shield currently unavailable)
rNeg     . . .     Faith    .   p - +1 chain mail
rPois    .         Spirit   .   (no helmet)
rElec    .         Reflect  .   (no cloak)
rCorr    .         Harm     .   c - +0 pair of gloves
MR       .....     NoTele   +   o - +0 pair of boots
Stlth    ++........             (no amulet)
HPRegen  0.25/turn              q - +3 ring of strength
MPRegen  0.19/turn              r - +2 ring of evasion

@: shrouded, very slow
A: distributed training, fangs 1, hooves 1, iridescent scales 1, agile 1, weak
1, strong nose
a: Bend Time, Temporal Distortion, Slouch, Step From Time, Renounce Religion


You were in the Dungeon.
You worshipped Cheibriados.
Cheibriados was exalted by your worship.
You were hungry.

You visited 1 branch You collected 16 gold pieces.

Inventory:

Hand Weapons
 a - a +0 falchion
 m - the +2 dire flail of Cublips (weapon) {freeze, Int+3}
   (You found it in the Dungeon)

   It has been specially enchanted to freeze those struck by it, causing extra
   injury to most foes and up to half again as much damage against particularly
   susceptible opponents.
   It can also slow down cold-blooded creatures.
   It affects your intelligence (+3).
 n - the +2 rapier of Wondrous Power {freeze, rF++}
   (You found it in the Dungeon)

   It has been specially enchanted to freeze those struck by it, causing extra
   injury to most foes and up to half again as much damage against particularly
   susceptible opponents.
   It can also slow down cold-blooded creatures.
   It greatly protects you from fire.
Armour
 c - a +0 pair of gloves (worn)
 o - a +0 pair of boots (worn)
 p - a +1 chain mail (worn)
Jewellery
 q - a +3 ring of strength (left hand)
 r - a +2 ring of evasion (right hand)
Wands
 b - a wand of paralysis (9)
 l - a wand of iceblast (10)
Scrolls
 i - 3 scrolls of remove curse
 j - 2 scrolls of blinking
 k - 2 scrolls of amnesia
 u - 2 scrolls of identify
 v - a scroll of fog
 w - a scroll of fear
 x - 3 scrolls of enchant weapon
Potions
 e - 5 potions of curing
 g - 2 potions of haste
 h - 4 potions of magic
 s - 2 potions of brilliance
 t - a potion of berserk rage
Comestibles
 d - 11 rations
 f - a chunk of flesh


   Skills:
 + Level 10.7 Fighting
 + Level 9.7 Short Blades
 + Level 10.7 Long Blades
 + Level 9.7 Axes
 + Level 9.7 Maces & Flails
 + Level 9.7 Polearms
 + Level 9.7 Staves
 + Level 9.7 Slings
 + Level 9.7 Bows
 + Level 9.7 Crossbows
 + Level 9.7 Throwing
 + Level 10.1 Armour
 + Level 10.7 Dodging
 + Level 9.7 Stealth
 + Level 9.7 Shields
 + Level 9.7 Unarmed Combat
 + Level 10.9 Spellcasting
 + Level 8.2 Conjurations
 + Level 8.2 Hexes
 + Level 9.9 Charms
 + Level 8.2 Summonings
 + Level 8.2 Necromancy
 + Level 8.2 Translocations
 + Level 8.2 Transmutations
 + Level 8.2 Fire Magic
 + Level 8.2 Ice Magic
 + Level 8.2 Air Magic
 + Level 8.2 Earth Magic
 + Level 8.2 Poison Magic
 + Level 10.5 Invocations
 + Level 9.7 Evocations


You had 25 spell levels left.
You knew the following spells:

 Your Spells              Type           Power        Failure   Level  Hunger
a - Infusion              Chrm           ####         1%          1    None
b - Shroud of Golubria    Chrm/Tloc      ######....   1%          2    None
c - Regeneration          Chrm/Necr      ######....   1%          3    None


Dungeon Overview and Level Annotations

Branches:
Dungeon (1/1)

Altars:
Cheibriados
Dithmenos
Elyvilon
Fedhas
Gozag
Hepliaklqana
Kikubaaqudgha
Makhleb
Nemelex Xobeh
Okawaru
Qazlal
Ru
Sif Muna
Trog
Uskayaw
Vehumet
Wu Jian
Xom
Yredelemnul
Zin
The Shining One
Beogh
Jiyva
Lugonu


Innate Abilities, Weirdness & Mutations

Your experience applies equally to all skills.
You have very sharp teeth.
Your uncanny sense of smell can sniff out nearby items.
You have large cloven feet.
You are partially covered in iridescent scales. (AC +2)
You are agile. (Dex +2)
You are weak. (Str -2)


Message History

You bite the orc warrior, but do no damage.
The orc warrior is almost dead.
The orc warrior completely misses you.
You barely miss the orc warrior.
You bite the orc warrior, but do no damage.
The orc warrior is almost dead.
The orc priest looks encouraged for a moment.
You puncture the orc warrior! You freeze the orc warrior.
You kill the orc warrior!
Cheibriados thoroughly appreciates the change of pace.
You are feeling hungry.
The orc priest hits you but does no damage.
The orc priest casts a cantrip, but nothing happens.
The orc priest calls down the wrath of Beogh upon you.
Beogh smites you!
* * * LOW HITPOINT WARNING * * *
The orc priest hits you but does no damage.
The orc priest invokes the aid of Beogh against you.
Beogh smites you!
You die...

.†)....')....'___________________
▓▓▓▓▓▓▓▓▓▓▓▓▓▓▓▓▓▓▓▓▓▓▓▓▓▓▓▓▓▓▓▓▓
.................................
▓▓▓▓▓▓▓▓▓▓▓▓▓▓▓▓▓▓▓▓▓▓▓▓▓▓▓▓▓▓▓▓▓
....'.....))......'†.....†.††....
▓▓▓▓▓▓▓▓▓▓▓▓▓▓▓▓▓▓▓▓▓▓▓▓▓▓▓▓▓▓▓▓▓
.................................
▓▓▓▓▓▓▓▓▓▓▓▓▓▓▓▓▓▓▓▓▓▓▓▓▓▓▓▓▓▓▓▓▓
..........'))))$@ooo.... ∆∆∆∆∆∆∆∆
▓▓▓▓▓▓▓▓▓▓▓▓▓▓▓▓▓▓▓▓▓▓▓▓ ∆∆∆∆
∆∆∆∆∆∆∆∆ ∆∆∆∆∆∆∆∆ ∆∆∆


You could see 3 orc priests.

Vanquished Creatures
  Erolcha (D)
  A hydra (D)
  A two-headed ogre (D)
  An elephant (D)
  2 spiny frogs (D)
  A gargoyle (D)
  2 komodo dragons (D)
  5 polar bears (D)
  A blink frog (D)
  3 hippogriffs (D)
  2 yaks (D)
  A basilisk (D)
  2 porcupines (D)
  2 water moccasins (D)
  3 black bears (D)
  An ice beast (D)
  2 orc warriors (D)
  An ogre (D)
  2 crocodiles (D)
  A bullfrog (D)
  A big kobold (D)
  4 crimson imps (D)
  A quasit (D)
  A hound (D)
  4 orc priests (D)
  2 orc wizards (D)
  A leopard gecko (D)
  3 orcs (D)
  A bat skeleton (D)
  A bat zombie (D)
  A hobgoblin (D)
  A ball python (D)
  A frilled lizard (D)
  A rat (D)
58 creatures vanquished.

Vanquished Creatures (others)
  An eye of draining (D)
1 creature vanquished.

Grand Total: 59 creatures vanquished

Notes
Turn   | Place    | Note
-------+----------+-------------------------------------------
     0 | D        | Pa55enger the Gnoll Skald began the quest for the Orb.
     0 | D        | Reached XP level 1. HP: 20/20 MP: 6/6
    10 | D        | Reached skill level 5 in Spellcasting
    19 | D        | Reached skill level 1 in Invocations
    54 | D        | Noticed a crimson imp
    54 | D        | Noticed a crimson imp
    57 | D        | Killed a crimson imp
    57 | D        | Reached skill level 5 in Fighting
    57 | D        | Reached skill level 5 in Long Blades
    57 | D        | Reached skill level 5 in Dodging
    57 | D        | Reached skill level 1 in Conjurations
    57 | D        | Reached skill level 1 in Hexes
    57 | D        | Reached skill level 1 in Summonings
    57 | D        | Reached skill level 1 in Necromancy
    57 | D        | Reached skill level 1 in Translocations
    57 | D        | Reached skill level 1 in Transmutations
    57 | D        | Reached skill level 1 in Fire Magic
    57 | D        | Reached skill level 1 in Ice Magic
    57 | D        | Reached skill level 1 in Air Magic
    57 | D        | Reached skill level 1 in Earth Magic
    57 | D        | Reached skill level 1 in Poison Magic
    57 | D        | Reached XP level 2. HP: 27/27 MP: 8/8
    57 | D        | Reached XP level 3. HP: 33/33 MP: 9/9
    64 | D        | Reached XP level 4. HP: 39/39 MP: 9/11
    70 | D        | Found a roughly hewn altar of Beogh.
    70 | D        | Found a snail-covered altar of Cheibriados.
    70 | D        | Found a shadowy altar of Dithmenos.
    70 | D        | Found a white marble altar of Elyvilon.
    70 | D        | Found a blossoming altar of Fedhas.
    70 | D        | Found an opulent altar of Gozag.
    71 | D        | Found a hazy altar of Hepliaklqana.
    72 | D        | Found a viscous altar of Jiyva.
    73 | D        | Found an ancient bone altar of Kikubaaqudgha.
    74 | D        | Found a corrupted altar of Lugonu.
    75 | D        | Found a burning altar of Makhleb.
    76 | D        | Found a sparkling altar of Nemelex Xobeh.
    77 | D        | Found an iron altar of Okawaru.
    78 | D        | Found a stormy altar of Qazlal.
    79 | D        | Found a sacrificial altar of Ru.
    80 | D        | Found a deep blue altar of Sif Muna.
    81 | D        | Found a bloodstained altar of Trog.
    82 | D        | Found a hide-covered altar of Uskayaw.
    83 | D        | Found a radiant altar of Vehumet.
    84 | D        | Found an ornate altar of the Wu Jian Council.
    85 | D        | Found a shimmering altar of Xom.
    86 | D        | Found a basalt altar of Yredelemnul.
    87 | D        | Found a glowing silver altar of Zin.
    88 | D        | Found a glowing golden altar of the Shining One.
   106 | D        | Became a worshipper of Cheibriados the Contemplative
   138 | D        | Got the +2 dire flail of Cublips {freeze, Int+3}
   138 | D        | Got the +2 rapier of Wondrous Power {freeze, rF++}
   166 | D        | Noticed an ice beast
   166 | D        | Noticed an eye of draining
   166 | D        | Noticed a gargoyle
   166 | D        | Noticed a two-headed ogre
   177 | D        | Killed an eye of draining
   179 | D        | Killed an ice beast
   179 | D        | Reached XP level 5. HP: 18/46 MP: 0/13
   193 | D        | Killed a gargoyle
   193 | D        | Reached skill level 5 in Short Blades
   193 | D        | Reached skill level 5 in Axes
   193 | D        | Reached skill level 5 in Maces & Flails
   193 | D        | Reached skill level 5 in Polearms
   193 | D        | Reached skill level 5 in Staves
   193 | D        | Reached skill level 5 in Slings
   193 | D        | Reached skill level 5 in Bows
   193 | D        | Reached skill level 5 in Crossbows
   193 | D        | Reached skill level 5 in Throwing
   193 | D        | Reached skill level 5 in Armour
   193 | D        | Reached skill level 5 in Stealth
   193 | D        | Reached skill level 5 in Shields
   193 | D        | Reached skill level 5 in Unarmed Combat
   193 | D        | Reached skill level 5 in Invocations
   193 | D        | Reached skill level 5 in Evocations
   193 | D        | Reached XP level 6. HP: 24/53 MP: 2/16
   193 | D        | Reached XP level 7. HP: 27/59 MP: 2/17
   195 | D        | HP: 2/59 [two-headed ogre/giant spiked club (13)]
   198 | D        | Killed a two-headed ogre
   198 | D        | Reached * piety under Cheibriados
   198 | D        | Reached skill level 5 in Conjurations
   198 | D        | Reached skill level 5 in Hexes
   198 | D        | Reached skill level 5 in Summonings
   198 | D        | Reached skill level 5 in Necromancy
   198 | D        | Reached skill level 5 in Translocations
   198 | D        | Reached skill level 5 in Transmutations
   198 | D        | Reached skill level 5 in Fire Magic
   198 | D        | Reached skill level 5 in Ice Magic
   198 | D        | Reached skill level 5 in Air Magic
   198 | D        | Reached skill level 5 in Earth Magic
   198 | D        | Reached skill level 5 in Poison Magic
   198 | D        | Reached XP level 8. HP: 3/68 MP: 2/20
   200 | D        | HP: 2/68 [quasit (2)]
   220 | D        | Reached ** piety under Cheibriados
   516 | D        | Learned a level 2 spell: Shroud of Golubria
   522 | D        | Noticed a hippogriff
   522 | D        | Noticed a yak
   534 | D        | Reached *** piety under Cheibriados
   538 | D        | Killed a hippogriff
   540 | D        | Reached **** piety under Cheibriados
   544 | D        | Killed a yak
   544 | D        | Reached XP level 9. HP: 66/75 MP: 21/21
   639 | D        | Gained mutation: You are agile. (Dex +2) [potion of mutation]
   639 | D        | Gained mutation: You have large cloven feet. [potion of mutation]
   639 | D        | Gained mutation: You are partially covered in iridescent scales. (AC +2) [potion of mutation]
   639 | D        | Gained mutation: You possess an exceptional clarity of mind. [potion of mutation]
   663 | D        | Noticed a komodo dragon
   663 | D        | Noticed a spiny frog
   663 | D        | Noticed a spiny frog
   669 | D        | Killed a komodo dragon
   676 | D        | Reached ***** piety under Cheibriados
   686 | D        | Killed a spiny frog
   689 | D        | Killed a spiny frog
   713 | D        | Learned a level 3 spell: Regeneration
   750 | D        | Noticed a six-headed hydra
   750 | D        | Noticed an elephant
   756 | D        | Killed a six-headed hydra
   756 | D        | Reached ****** piety under Cheibriados
   756 | D        | Reached XP level 10. HP: 48/83 MP: 19/23
   766 | D        | Killed an elephant
   766 | D        | Reached skill level 10 in Spellcasting
   783 | D        | Reached skill level 10 in Fighting
   783 | D        | Reached skill level 10 in Long Blades
   783 | D        | Reached skill level 10 in Dodging
   939 | D        | Reached skill level 10 in Invocations
   966 | D        | Reached XP level 11. HP: 61/92 MP: 20/25
   982 | D        | Lost mutation: You possess an exceptional clarity of mind. [potion of mutation]
   982 | D        | Lost mutation: You have large cloven feet. [potion of mutation]
   982 | D        | Gained mutation: You are weak. (Str -2) [potion of mutation]
   982 | D        | Gained mutation: You have large cloven feet. [potion of mutation]
  1029 | D        | Noticed Erolcha
  1039 | D        | Killed Erolcha
  1039 | D        | Reached skill level 10 in Armour
  1120 | D        | Killed from afar by an orc priest

Vault maps used:
D:        linesprint

Skill      XL: |  1  2  3  4  5  6  7  8  9 10 11 |
---------------+----------------------------------+-----
Spellcasting   | 5 6 7 8 9 10 | 10.9
Invocations    | 2 3 5 6 7 9 10 | 10.5
Fighting       | 5 6 7 8 9 10 | 10.7
Short Blades   | 2 3 5 6 7 8 9 |  9.7
Long Blades    | 5 6 7 8 9 10 | 10.7
Axes           | 2 3 5 6 7 8 9 |  9.7
Maces & Flails | 2 3 5 6 7 8 9 |  9.7
Polearms       | 2 3 5 6 7 8 9 |  9.7
Staves         | 2 3 5 6 7 8 9 |  9.7
Slings         | 2 3 5 6 7 8 9 |  9.7
Bows           | 2 3 5 6 7 8 9 |  9.7
Crossbows      | 2 3 5 6 7 8 9 |  9.7
Throwing       | 2 3 5 6 7 8 9 |  9.7
Armour         | 3 4 5 6 7 8 9 10 | 10.1
Dodging        | 5 6 7 8 9 10 | 10.7
Stealth        | 2 3 5 6 7 8 9 |  9.7
Shields        | 2 3 5 6 7 8 9 |  9.7
Unarmed Combat | 2 3 5 6 7 8 9 |  9.7
Conjurations   | 1 2 4 5 7 8 |  8.2
Hexes          | 1 2 4 5 7 8 |  8.2
Summonings     | 1 2 4 5 7 8 |  8.2
Necromancy     | 1 2 4 5 7 8 |  8.2
Translocations | 1 2 4 5 7 8 |  8.2
Transmutations | 1 2 4 5 7 8 |  8.2
Fire Magic     | 1 2 4 5 7 8 |  8.2
Ice Magic      | 1 2 4 5 7 8 |  8.2
Air Magic      | 1 2 4 5 7 8 |  8.2
Earth Magic    | 1 2 4 5 7 8 |  8.2
Poison Magic   | 1 2 4 5 7 8 |  8.2
Evocations     | 2 3 5 6 7 8 9 |  9.7
Charms         | 6 7 8 9 |  9.9

Action                   |  1- 3 |  4- 6 |  7- 9 | 10-12 || total
-------------------------+-------+-------+-------+-------++-------
Melee: Falchion          |    23 |       |       |       ||    23
       Bite              |     2 |     7 |    18 |    18 ||    45
       Dire flail        |       |    24 |    88 |    82 ||   194
 Cast: Shroud of Golubri |       |       |     3 |     4 ||     7
       Regeneration      |       |       |     2 |       ||     2
Invok: Temporal Distorti |       |       |       |     2 ||     2
       Slouch            |       |       |       |     2 ||     2
  Use: Potion            |     1 |     3 |     2 |     1 ||     7
 Stab: Invisible         |       |     1 |     1 |       ||     2
Armor: Leather armour    |     2 |       |       |       ||     2
       Chain mail        |       |     6 |    37 |    34 ||    77
Dodge: Dodged            |    13 |    13 |    85 |   116 ||   227
       Rpst.: Falchion   |     3 |       |       |       ||     3

Table legend:
 A = Spawn XP
 B = Non-spawn XP
 C = Spawn XP percentage of total XP
 D = Spawn monster count
 E = Non-spawn monster count
 F = Spawn count percentage of total count
 G = Total turns spent on level
                    A         B        C        D         E        F      G
               +---------+---------+-------+---------+---------+-------+---------
         Total |       0 |   10764 |   0.0 |       0 |      58 |   0.0 |  1120
               +---------+---------+-------+---------+---------+-------+---------
             D |       0 |   10764 |   0.0 |       0 |      58 |   0.0 |  1120
               +---------+---------+-------+---------+---------+-------+---------
